 Dungeon Crawl Stone Soup version 0.32-a0-643-ga006e7742e (webtiles) character file.

Game seed: 1706943344303035208

8524 ezpacito the Trooper (level 11, -2/127 HPs)
             Began as a Coglin Chaos Knight on Mar 7, 2024.
             Was a Plaything of Xom.
             Slain by a broodmother (24 damage)
             ... on level 8 of the Dungeon.
             The game lasted 00:14:24 (8102 turns).

ezpacito the Trooper (Coglin Chaos Knight)          Turns: 8102, Time: 00:14:24

Health: -2/127     AC: 12    Str: 17    XL:     11   Next: 32%
Magic:  14/14      EV: 13    Int: 12    God:    Xom [......]
Gold:   522        SH:  0    Dex: 13    Spells: 2/17 levels left

rFire   . . .        a - +0 hand axe (chaos) {Lisbeth}
rCold   . . .        M - +2 spear (venom) {Liang}
rNeg    . . .        O - +3 ring mail of Bespelled Satisfaction {rPois Regen+}
rPois   +            d - +2 helmet
rElec   .            (no cloak)
rCorr   .            (no gloves)
SInv    .            (no boots)
Will    .....        (amulet unavailable) Stlth
                     (ring unavailable)
HPRegen 1.21/turn    (ring unavailable)
MPRegen 0.14/turn    (no gizmo)

%: random rage (3%)
@: confused, berserking, ambrosia-drunk, attractive, revving, very quick
A: off-hand wielding, slow wielding, warmup strikes, no jewellery, large bone
plates 1, berserk 1, low MP 1, noise suppression
a: Invent Gizmo, Renounce Religion


You were on level 8 of the Dungeon.
You worshipped Xom.
You were a very special plaything of Xom.
You visited 2 branches of the dungeon, and saw 10 of its levels.
You also visited: Sewer.

You collected 522 gold pieces.

Inventory:

Hand Weapons
 a - a +0 hand axe of chaos (weapon) {Lisbeth}
 l - the +7 dagger of the Hills {protect, rPois rC- Int+8}
   (You found it on level 7 of the Dungeon)

   Int+8:     It affects your intelligence (+8).
   rC-:       It makes you vulnerable to cold.
   rPois:     It protects you from poison.
 m - the +1 mace of Oblawaer {venom, rC++ Will+ rCorr Str-5}
   (You found it on level 2 of the Dungeon)

   Str-5:     It affects your strength (-5).
   rC++:      It greatly protects you from cold.
   Will+:     It increases your willpower.
   rCorr:     It protects you from acid and corrosion.
 v - a +2 heavy hand axe
 D - a +0 war axe
 E - a +1 morningstar of distortion
 K - a +2 battleaxe
 L - a +5 spear
 M - a +2 spear of venom (offhand) {Liang}
Missiles
 g - 13 javelins (quivered)
 n - 4 poisoned darts
 o - 6 boomerangs
 r - 5 atropa-tipped darts
 w - 3 datura-tipped darts
 I - a curare-tipped dart
Armour
 d - a +2 helmet (worn)
 F - +2 steam dragon scales
 O - the +3 ring mail of Bespelled Satisfaction (worn) {rPois Regen+}
   (You found it on level 7 of the Dungeon)

   rPois:     It protects you from poison.
   Regen+:    It increases your rate of health regeneration.
Magical Staves
 k - a staff of air
Talismans
 q - the blade talisman of Privacy {rN++ Int+2}
   (You found it on level 4 of the Dungeon)

   [blade talisman]

   Int+2:     It affects your intelligence (+2).
   rN++:      It greatly protects you from negative energy.
Wands
 f - a wand of polymorph (14)
 s - a wand of warping (6)
Scrolls
 c - 2 scrolls of revelation
 e - a scroll of immolation {unknown}
 i - a scroll of identify
 p - a scroll of enchant weapon {unknown}
 t - 3 scrolls of teleportation
 u - a scroll of noise {unknown}
 x - a scroll of fear {unknown}
 y - 2 scrolls of vulnerability {unknown}
 C - a scroll of torment {unknown}
 H - a scroll of acquirement {unknown}
 J - a scroll of brand weapon {unknown}
 N - 3 scrolls of fog {unknown}
 P - a scroll of amnesia {unknown}
Potions
 b - 4 potions of lignification
 j - a potion of attraction
 z - a potion of might {unknown}
 A - a potion of cancellation
 G - a potion of enlightenment {unknown}
 R - 2 potions of degeneration {unknown}


   Skills:
 * Level 7.7 Fighting
 * Level 7.5(8.2) Axes
 + Level 4.3(6.2) Polearms
 * Level 6.5 Armour
 * Level 6.4 Dodging
 + Level 4.0 Stealth
 + Level 3.6 Spellcasting
 + Level 1.5 Alchemy
 + Level 5.4 Evocations
 + Level 3.3 Shapeshifting


You had 2 spell levels left.
You knew the following spells:

 Your Spells              Type           Power      Damage    Failure   Level
a - Animate Armour        Summ/Erth      4%         N/A       98%         4
b - Leda's Liquefaction   Alch/Erth      1%         N/A       96%         4
c - Petrify               Alch/Erth      3%         N/A       96%         4
d - Fugue of the Fallen   Necr           2%         N/A       75%         3

Your spell library contained the following spells:

 Spells                   Type           Power      Damage    Failure   Level
 Lesser Beckoning         Tloc           4%         N/A       52%         2
 Frozen Ramparts          Ice            4%         1d1       75%         3
 Gell's Gravitas          Tloc           2%         N/A       75%         3
 Ozocubu's Armour         Ice            2%         N/A       75%         3
 Teleport Other           Tloc           2%         N/A       75%         3
 Manifold Assault         Tloc           2%         N/A       98%         4
 Summon Lightning Spire   Summ/Air       2%         N/A       98%         4
 Lee's Rapid Deconstruct  Erth           1%         3d4*      100%        5
 Metabolic Englaciation   Hex/Ice        1%         N/A       100%        5


Dungeon Overview and Level Annotations

Branches:
Dungeon (9/15)             Temple (1/1) D:4           Sewer (visited)
   Lair: D:8-11         Orc: D:9-12

Altars:
Cheibriados
Dithmenos
Elyvilon
Fedhas
Hepliaklqana
Kikubaaqudgha
Makhleb
Nemelex Xobeh
Okawaru
Qazlal
Ru
Sif Muna
Trog
Uskayaw
Vehumet
Wu Jian
Xom
Yredelemnul
Zin
The Shining One

Shops:
D:4 [

Annotations:
D:4 2 transporters


Innate Abilities, Weirdness & Mutations

You can wield a second weapon in your off-hand.
It takes a long time for you to wield or remove held weapons.
Your first few attacks do less damage.
You cannot equip rings or amulets.
You are partially covered in large bone plates. (SH +4)
You sometimes lose your temper in combat.
Your magical capacity is low. (-10% MP)
You passively dampen the noise of your surroundings.


Message History

You barely miss the broodmother with your +0 hand axe of chaos.
You slash the wolf spider with your +0 hand axe of chaos!
You freeze the wolf spider.
You barely miss the wolf spider with your +0 hand axe of chaos.
The broodmother bites you but does no damage.
You regained 4 hp, and now have 73/127 hp.
You slash the broodmother with your +0 hand axe of chaos!
The acid corrodes the broodmother!
The broodmother is lightly wounded.
You closely miss the wolf spider with your +0 hand axe of chaos.
You barely miss the wolf spider with your +0 hand axe of chaos.
You puncture the broodmother with your +2 spear of venom!
The broodmother is poisoned.
The wolf spider hits you. The wolf spider barely misses you.
The wolf spider hits you! The wolf spider barely misses you.
The broodmother bites you!!
* * * LOW HITPOINT WARNING * * *
You take 43 damage, and have 30/127 hp.
MASSIVE DAMAGE!!
You closely miss the broodmother with your +2 spear of venom.
The broodmother is moderately wounded.
You hit the broodmother with your +0 hand axe of chaos.
The broodmother looks as sick as possible!
You slash the wolf spider with your +0 hand axe of chaos!
The wolf spider seems to slow down.
You closely miss the wolf spider with your +0 hand axe of chaos.
The wolf spider hits you!
* * * LOW HITPOINT WARNING * * *
The wolf spider bites you!
* * * LOW HITPOINT WARNING * * *
The wolf spider closely misses you. The wolf spider misses you.
You take 12 damage, and have 18/127 hp.
You puncture the broodmother with your +2 spear of venom!
The broodmother looks as sick as possible!
The broodmother is moderately wounded.
You hit the broodmother with your +0 hand axe of chaos.
You freeze the broodmother.
You barely miss the wolf spider with your +0 hand axe of chaos.
You hit the wolf spider with your +0 hand axe of chaos.
The wolf spider appears confused.
The broodmother bites you!!
You die...
Xom giggles madly!

.)..........##
##.####.# ##...
#.)..#..###..#
###))##..### #....
##...#..#
##.###...)......###.###
##..###.#
##....##)..#..........
.#.###..##
#..####..#.........).
...#.....## #.##
##..#..##....#..
.....###..###.#
##..#..####..####
....##
##..#..###.....## ##.##
##..# #.....##@s...##
##...## ##..##
##..##...ss...#
##.....##
##..###..#####.....##
##...##... #......##
#..ยง..####..#####..
##....##
#.............##... #
#...##
#..#..######.....##
####....#### ##.###<###
##..####
........)..###.##
#.>.## #.##
.##...#####...##
#..s.####.# #


You could see a broodmother (extremely poisoned, corroded) and 2 wolf spiders.

Vanquished Creatures
  An entropy weaver (shapeshifter) (D:7)
  A two-headed ogre (D:9)
  A queen bee (D:9)
  2 trolls (D:9)
  2 slime creatures (D:9)
  5 yaks (D:7)
  A basilisk (D:6)
  A steam dragon (D:9)
  4 water moccasins
  7 orc warriors
  3 ogres
  2 sky beasts (D:7)
  3 centaurs
  2 phantoms
  Blork the orc (D:4)
  2 bullfrogs
  A kobold brigand (D:6)
  2 gnoll sergeants
  A scorpion (D:5)
  10 wights
  26 killer bees
  5 howler monkeys
  An electric eel (D:8)
  A jelly (D:6)
  5 bombardier beetles
  8 orc priests
  3 hounds
  6 iguanas
  Jessica (D:2)
  4 orc wizards
  8 gnolls
  12 adders
  A white imp (D:6)
  5 ufetubi
  10 dart slugs
  3 ribbon worms
  26 orcs
  20 ball pythons
  4 bats
  11 endoplasms
  11 giant cockroaches
  6 goblins
  8 hobgoblins
  8 jackals (D:2)
  9 quokkas
  12 frilled lizards
  16 kobolds
  4 rats
286 creatures vanquished.

Vanquished Creatures (others)
  4 orcs (D:8)
4 creatures vanquished.

Grand Total: 290 creatures vanquished

Notes
Turn   | Place    | Note
-------+----------+-------------------------------------------
     0 | D:1      | ezpacito the Coglin Chaos Knight began the quest for the
                  | Orb.
     0 | D:1      | Reached XP level 1. HP: 18/18 MP: 1/1
    88 | D:1      | Reached skill level 1 in Dodging
   123 | D:1      | XOM: divination: magic mapping
   125 | D:1      | Reached XP level 2. HP: 24/24 MP: 2/2
   235 | D:1      | XOM: potion effect (might)
   274 | D:1      | Reached XP level 3. HP: 29/29 MP: 3/3
   576 | D:2      | Noticed Jessica
   581 | D:2      | Killed Jessica
   582 | D:2      | Reached XP level 4. HP: 34/35 MP: 4/4
   630 | D:2      | Identified the +1 mace of Oblawaer {venom, rC++ Will+ rCorr
                  | Str-5}
   826 | D:2      | XOM: 1-stop teleportation journey
  1160 | D:3      | Reached skill level 1 in Polearms
  1234 | D:3      | Found a hide-covered altar of Uskayaw.
  1319 | D:3      | Reached XP level 5. HP: 35/41 MP: 6/6
  1666 | D:4      | XOM: potion effect (attraction)
  1666 | D:4      | XOM: butterfly on damage
  1676 | D:3      | Reached skill level 1 in Spellcasting
  1828 | D:3      | Reached skill level 1 in Stealth
  1828 | D:3      | Reached XP level 6. HP: 23/48 MP: 7/7
  1955 | D:4      | Identified the blade talisman of Privacy {rN++ Int+2}
  2111 | D:4      | Found a transporter.
  2111 | D:4      | Found a transporter.
  2159 | D:4      | Noticed Blork the orc
  2172 | D:4      | Gained mutation: You sometimes lose your temper in combat.
                  | [potion of mutation]
  2172 | D:4      | Gained mutation: Your magical capacity is low. (-10% MP)
                  | [potion of mutation]
  2172 | D:4      | Gained mutation: You are partially covered in large bone
                  | plates. (SH +4) [potion of mutation]
  2172 | D:4      | Gained mutation: You passively dampen the noise of your
                  | surroundings. [potion of mutation]
  2187 | D:4      | Killed Blork the orc
  2523 | D:4      | Found Coghiomou's Armour Emporium.
  2662 | D:4      | Reached XP level 7. HP: 54/54 MP: 8/8
  2879 | D:4      | Found a staircase to the Ecumenical Temple.
  2887 | Temple   | Entered the Ecumenical Temple
  3006 | D:5      | Entered Level 5 of the Dungeon
  3015 | D:5      | Reached skill level 1 in Evocations
  3049 | D:5      | XOM: noise
  3312 | D:5      | XOM: noise
  3314 | D:5      | Reached skill level 1 in Shapeshifting
  3314 | D:5      | Reached XP level 8. HP: 55/61 MP: 9/9
  3342 | D:5      | XOM: 9-stop teleportation journey
  3424 | D:5      | XOM: silly message
  3597 | D:5      | XOM: silly message
  3701 | D:5      | Reached skill level 5 in Fighting
  3755 | D:5      | XOM: summons 4 hostile shadow creatures
  3952 | D:6      | Noticed Maggie
  3954 | D:6      | Maggie changed into Maggie the basilisk
  3954 | D:6      | Noticed Maggie
  3954 | D:6      | XOM: polymorph Maggie -> Maggie the basilisk
  3973 | D:6      | Killed Maggie the basilisk
  3974 | D:6      | Reached skill level 5 in Axes
  4094 | D:6      | Found a glowing drain.
  4112 | Sewer    | XOM: noise
  4112 | Sewer    | Entered a sewer
  4366 | Sewer    | Reached XP level 9. HP: 56/68 MP: 10/10
  4479 | Sewer    | XOM: noise
  5075 | D:6      | XOM: noise
  5084 | D:6      | XOM: blink monster(s)
  5265 | D:7      | Reached skill level 5 in Armour
  5265 | D:7      | XOM: polymorph gnoll -> orc
  5302 | D:7      | Found an iron altar of Okawaru.
  5383 | D:7      | Identified the +3 ring mail of Bespelled Satisfaction
                  | {rPois Regen+}
  5717 | D:7      | XOM: summons 3 friendly demons
  5722 | D:7      | XOM: fake destruction
  5731 | D:7      | XOM: polymorph yak -> shapeshifter
  5731 | D:7      | a shapeshifter changed into a sun moth
  5731 | D:7      | Noticed a sun moth (shapeshifter)
  5733 | D:7      | Reached skill level 5 in Dodging
  5735 | D:7      | a sun moth changed into a golden eye
  5736 | D:7      | Reached XP level 10. HP: 75/77 MP: 12/12
  5736 | D:7      | XOM: swap monsters
  5751 | D:7      | a golden eye changed into an eye of devastation
  5751 | D:7      | Noticed an eye of devastation (shapeshifter)
  5752 | D:7      | XOM: cast spell 'Dispersal'
  5758 | D:7      | XOM: confuse monster(s)
  5759 | D:7      | an eye of devastation changed into an entropy weaver
  5759 | D:7      | Noticed an entropy weaver (shapeshifter)
  5767 | D:7      | Killed an entropy weaver
  5963 | D:7      | Identified the +7 dagger of the Hills {protect, rPois rC-
                  | Int+8}
  6057 | D:7      | XOM: enchant monster (good)
  6430 | D:8      | XOM: cast spell 'Iskenderun's Battlesphere'
  6785 | D:8      | XOM: polymorph water moccasin -> bombardier beetle
  6802 | D:8      | Found a hazy altar of Hepliaklqana.
  6803 | D:8      | Found an ornate altar of the Wu Jian Council.
  6804 | D:8      | Found a sacrificial altar of Ru.
  6807 | D:8      | Found a stormy altar of Qazlal.
  7606 | D:8      | XOM: summons 2 hostile shadow creatures
  7680 | D:9      | Reached skill level 5 in Evocations
  7749 | D:9      | Learned a level 4 spell: Animate Armour
  7754 | D:9      | Learned a level 4 spell: Petrify
  7759 | D:9      | Learned a level 4 spell: Leda's Liquefaction
  7763 | D:9      | Learned a level 3 spell: Fugue of the Fallen
  7780 | D:9      | XOM: cast spell 'Summon Mana Viper'
  7784 | D:9      | Reached XP level 11. HP: 78/84 MP: 14/14
  7804 | D:9      | XOM: silly message
  7847 | D:9      | Reached skill level 1 in Alchemy
  7937 | D:9      | Noticed a two-headed ogre
  7941 | D:9      | XOM: cast spell 'Leda's Liquefaction'
  7949 | D:9      | Killed a two-headed ogre
  8034 | D:9      | a slime creature changed into a broodmother
  8034 | D:9      | Noticed a broodmother
  8034 | D:9      | XOM: polymorph slime creature -> broodmother
  8037 | D:9      | Noticed a wolf spider
  8037 | D:9      | Noticed an orb spider
  8090 | D:9      | XOM: noise
  8097 | D:8      | Noticed a wolf spider
  8097 | D:8      | Noticed a wolf spider
  8102 | D:8      | Slain by a broodmother

Illustrated notes

Levels and vault maps discovered:
D:1:      psy_arrival_basics, layout_rooms, amcnicky_mini_pool_small,
          minmay_cupped
D:2:      minmay_recursive_quarters, layout_rooms, uniq_jessica
D:3:      layout_rooms, eat_drink_and_be_merry_uskayaw,
          nicolae_underground_beach
D:4:      gammafunk_wand_slinger, layout_rooms, minmay_temple_entry_fiery,
          serial_shops, shop, minmay_bent, uniq_blork_the_orc
D:5:      cheibrodos_barr_body, layout_rooms, lightli_minifort
D:6:      layout_basic, mainiacjoe_sewer_entry_somewhere_in_here_1, uniq_maggie
D:7:      layout_basic, mainiacjoe_overflow_paths
D:8:      layout_layer_cave, mainiacjoe_overflow_alcove_3, serial_bayou_ford_a,
          lemuel_flamethrower_2
D:9:      layout_rooms, minivault_7
Temple:   dpeg_chambers_temple

Skill      XL: |  1  2  3  4  5  6  7  8  9 10 11 |
---------------+----------------------------------+-----
Dodging        | 1 2 3 4 5 6 |  6.4
Armour         | 2 3 4 5 6 |  6.5
Polearms       | 1 2 3 4 |  4.3
Spellcasting   | 1 2 3 |  3.6
Stealth        | 1 2 3 4 |  4.0
Fighting       | 4 5 6 7 |  7.7
Axes           | 4 5 6 7 |  7.5
Evocations     | 1 2 4 5 |  5.4
Shapeshifting  | 1 2 3 |  3.3
Alchemy        | 1 |  1.5

Action                     |  1- 3 |  4- 6 |  7- 9 | 10-12 || total
---------------------------+-------+-------+-------+-------++-------
  Melee: Hand axe          |    28 |    99 |   236 |   208 ||   571
         Whip              |    27 |   110 |    44 |       ||   181
         Dagger            |     2 |       |       |       ||     2
         Spear             |       |       |   226 |   241 ||   467
         Unarmed           |       |       |    29 |       ||    29
  Evoke: Wand              |       |       |       |     3 ||     3
    Use: Potion            |       |    11 |     1 |     9 ||    21
         Scroll            |       |     1 |     7 |     6 ||    14
   Stab: Sleeping          |     1 |       |       |     1 ||     2
         Invisible         |       |     3 |       |     5 ||     8
         Held in net/web   |       |       |     1 |       ||     1
         Confused          |       |       |     3 |     5 ||     8
         Paralysed         |       |       |       |     4 ||     4
 Armour: Leather armour    |    15 |    69 |     8 |       ||    92
         Skin              |       |     7 |     4 |       ||    11
         Chain mail        |       |       |    58 |       ||    58
         Steam dragon scal |       |       |    97 |       ||    97
         Ring mail         |       |       |    29 |   174 ||   203
  Dodge: Dodged            |    28 |    78 |   149 |   160 ||   415
  Block: Other             |       |     2 |    32 |    47 ||    81

Table legend: (Time is in decaauts)
 A = Elapsed time spent in this place.
 B = Non-inter-level travel time spent in this place.
 C = Inter-level travel time spent in this place.
 D = Time resting spent in this place.
 E = Time spent auto-exploring this place.
 F = Levels seen in this place.
 G = Mean time per level.
                   A        B        C        D        E       F      G
               +--------+--------+--------+--------+--------+-----+--------+
         Total |   8340 |   7956 |    384 |    581 |   5444 |  11 |  758.2 |
       Dungeon |   7882 |   7498 |    384 |    581 |   5242 |   9 |  875.8 |
        Temple |      1 |      1 |      0 |      0 |      0 |   1 |    1.0 |
         Sewer |    456 |    456 |      0 |      0 |    202 |   1 |  456.0 |
               +--------+--------+--------+--------+--------+-----+--------+

Top non-repeatable levels by time:
     D:8: 1488 daAuts
     D:4: 1108 daAuts
     D:7: 1048 daAuts
     D:6: 970 daAuts
     D:5: 958 daAuts
     D:3: 822 daAuts
     D:1: 579 daAuts
     D:2: 521 daAuts
   Sewer: 456 daAuts
     D:9: 385 daAuts
  Temple: 1 daAuts
